 Dungeon Crawl Stone Soup version 0.28.0-43-g3370ac3207 (webtiles) character file.

Game seed: 6399104043634938543

742 ZappyNine the Ruffian (level 7, -1/70 HPs)
             Began as a Troll Cinder Acolyte on Mar 14, 2022.
             Was a High Priest of Ignis.
             Slain by an ogre
             ... wielding a +0 giant spiked club
              (35 damage)
             ... on level 5 of the Dungeon.
             The game lasted 00:04:05 (3337 turns).

ZappyNine the Ruffian (Troll Cinder Acolyte)        Turns: 3337, Time: 00:04:06

Health: -1/70      AC:  4    Str: 23    XL:     7   Next: 47%
Magic:  7/7        EV: 10    Int: 10    God:    Ignis [*****.]
Gold:   232        SH:  0    Dex:  7    Spells: 8/8 levels left

rFire   + . .      SeeInvis .     - Unarmed
rCold   . . .      Faith    .   (no shield)
rNeg    . . .      Spirit   .   a - +0 robe
rPois   .          Reflect  .   (helmet restricted)
rElec   .          Harm     .   (no cloak)
rCorr   .          Rampage  .   (gloves unavailable)
Will    .....                   (boots unavailable)
Stlth   +.........              (no amulet)
HPRegen 1.01/turn               (no ring)
MPRegen 0.10/turn               (no ring)

@: no status effects
A: large, unfitting armour, claws 3, regeneration 1, shaggy fur 1, tough skin 1
a: Renounce Religion, Fiery Armour, Foxfire Swarm, Rising Flame


You were on level 5 of the Dungeon.
You worshipped Ignis.
Ignis was extremely pleased with you.
You visited 1 branch of the dungeon, and saw 5 of its levels.

You collected 232 gold pieces.

Inventory:

Armour
 a - a +0 robe (worn)
Wands
 o - a wand of mindburst (21)
Scrolls
 b - a scroll of fog {unknown}
 c - 8 scrolls of identify {unknown}
 e - a scroll of fear {unknown}
 f - a scroll of noise {unknown}
 g - a scroll of teleportation {unknown}
 h - a scroll of blinking {unknown}
 i - 2 scrolls of immolation {unknown}
 m - a scroll of summoning {unknown}
 r - a scroll of vulnerability {unknown}
Potions
 d - 4 potions of curing {unknown}
 j - a potion of flight {unknown}
 k - a potion of mutation {unknown}
 l - 2 potions of brilliance {unknown}
 n - a potion of attraction {unknown}
 p - a potion of haste {unknown}
 q - a potion of heal wounds {unknown}
 s - a potion of cancellation {unknown}


   Skills:
 + Level 4.1 Fighting
 + Level 3.1 Dodging
 * Level 6.6 Unarmed Combat
 - Level 1.0 Spellcasting
 - Level 2.1 Fire Magic


You had 8 spell levels left.
You didn't know any spells.
Your spell library contained the following spells:

 Spells                   Type           Power      Damage    Failure   Level
 Scorch                   Fire           8%         2d5       22%         2
 Fulminant Prism          Conj/Hex       0%         3d6       98%         4
 Iskenderun's Mystic Bla  Conj/Tloc      0%         2d3       98%         4
 Lee's Rapid Deconstruct  Erth           0%         3d5*      100%        5


Dungeon Overview and Level Annotations

Branches:
Dungeon (5/15)
 Temple: D:4-7

Altars:
Hepliaklqana
Qazlal
Sif Muna
Uskayaw
Wu Jian
Xom

Shops:
D:1 !

Annotations:
D:3 2 transporters, tizbic2's ghost, amateur FoNe


Innate Abilities, Weirdness & Mutations

You are too large for most types of armour.
You have claws for hands.
Your natural rate of healing is unusually fast.
You are covered in fur. (AC +1)
You have tough skin. (AC +1)


Message History

The ogre hits you with a +0 giant spiked club!
You scratch the hound but do no damage.
The hound is moderately wounded.
The hound barely misses you.
You scratch the hound.
The hound is moderately wounded.
The hound closely misses you.
The ogre hits you with a +0 giant spiked club!!
The hound bites you.
You are too injured to fight recklessly!
You are too injured to fight recklessly!
You are too injured to fight recklessly!
You are too injured to fight recklessly!
You are too injured to fight recklessly!
You are too injured to fight recklessly!
You are too injured to fight recklessly!
You are too injured to fight recklessly!
You are too injured to fight recklessly!
You are too injured to fight recklessly!
You are too injured to fight recklessly!
You are too injured to fight recklessly!
You are too injured to fight recklessly!
You are too injured to fight recklessly!
You are too injured to fight recklessly!
You are too injured to fight recklessly!
You are too injured to fight recklessly!
You are too injured to fight recklessly!
Unknown command.
You claw the hound!
You kill the hound!
You scratch the ogre.
The ogre is lightly wounded.
The ogre barely misses you.
You completely miss the ogre.
The ogre is lightly wounded.
You claw the ogre!
The ogre is severely wounded.
The ogre hits you with a +0 giant spiked club!!
Ouch! That really hurt!
You die...

..#...........# .
....#######.)#
#.###...# ...#..#
........# #.#..#
.....[... #....#
........# #.#..#
........# ...#..#
.......O#######†.#####
########@.............
###............
#.............
#####.........
#......... ##########


You could see an ogre.

Vanquished Creatures
  Pikel (D:4)
  A lemure (D:4)
  A phantom (D:5)
  A centaur zombie (D:5)
  A hound (D:5)
  8 adders
  An ufetubus (D:5)
  2 dart slugs
  6 orcs
  10 ball pythons
  6 bats
  6 endoplasms
  A giant cockroach (D:1)
  2 goblins
  5 hobgoblins
  4 jackals (D:1)
  3 quokkas
  3 frilled lizards
  6 kobolds
  13 rats
81 creatures vanquished.

Vanquished Creatures (others)
  A plant (D:3)
1 creature vanquished.

Grand Total: 82 creatures vanquished

Notes
Turn   | Place    | Note
-------+----------+-------------------------------------------
     0 | D:1      | ZappyNine the Troll Cinder Acolyte began the quest for the
                  | Orb.
     0 | D:1      | Reached XP level 1. HP: 22/22 MP: 1/1
    89 | D:1      | Found a faded altar of an unknown god.
   137 | D:1      | Found Haskec's Distillery.
   207 | D:1      | Reached XP level 2. HP: 25/29 MP: 2/2
   883 | D:2      | Reached skill level 1 in Dodging
   883 | D:2      | Reached XP level 3. HP: 36/36 MP: 3/3
  1117 | D:2      | Reached skill level 4 in Unarmed Combat
  1218 | D:2      | Reached XP level 4. HP: 44/44 MP: 4/4
  1508 | D:3      | Found a shimmering altar of Xom.
  1570 | D:3      | Found a transporter.
  1616 | D:3      | Found a transporter.
  1648 | D:3      | Noticed tizbic2's ghost (amateur FoNe)
  1680 | D:3      | Found an ornate altar of the Wu Jian Council.
  1736 | D:3      | Found a hazy altar of Hepliaklqana.
  2117 | D:4      | Noticed a lemure
  2127 | D:4      | Killed a lemure
  2143 | D:4      | Noticed Pikel
  2143 | D:4      | Noticed a lemure
  2143 | D:4      | Noticed a lemure
  2144 | D:4      | Noticed a lemure
  2155 | D:4      | Killed Pikel
  2156 | D:4      | Reached skill level 6 in Unarmed Combat
  2156 | D:4      | Reached XP level 5. HP: 24/54 MP: 5/5
  2156 | D:4      | Reached XP level 6. HP: 28/62 MP: 6/6
  2156 | D:4      | Reached XP level 7. HP: 31/68 MP: 7/7
  3081 | D:5      | Entered Level 5 of the Dungeon
  3145 | D:5      | Found a shimmering blue altar of Sif Muna.
  3156 | D:5      | Found a stormy altar of Qazlal.
  3269 | D:5      | Found a hide-covered altar of Uskayaw.
  3337 | D:5      | Slain by an ogre

Illustrated notes

Levels and vault maps discovered:
D:1:      dpeg_arrival_another_circle, layout_basic, serial_shops,
          nicolae_square_shop, hellmonk_ecumenical_altar_heavens_door,
          minmay_unequal
D:2:      layout_basic, minmay_rat_gold_closets
D:3:      layout_rooms, mainiacjoe_overflow_chevrons,
          mainiacjoe_overflow_boulevard, mainiacjoe_overflow_paths,
          gammafunk_ghost_arena
D:4:      layout_layer_cave, kennysheep_generic_room_8, uniq_pikel
D:5:      layout_rooms, mainiacjoe_overflow_cross_hatched,
          amethyst_overflow_temple_binary, minmay_checkerbox

Skill      XL: |  1  2  3  4  5  6  7 |
---------------+----------------------+-----
Dodging        | 1 2 3 |  3.1
Unarmed Combat | 4 6 |  6.6
Fighting       | 3 4 |  4.1
Spellcasting   | |  1.0
Fire Magic     | |  2.1

Action                   |  1- 3 |  4- 6 |  7- 9 || total
-------------------------+-------+-------+-------++-------
Melee: Unarmed           |   101 |    72 |    58 ||   231
       Punch             |     1 |     4 |     2 ||     7
Invok: Fiery Armour      |       |     1 |       ||     1
 Stab: Sleeping          |     1 |       |       ||     1
Armor: Robe              |    35 |    26 |    19 ||    80
Dodge: Dodged            |    66 |    30 |    36 ||   132
